 Dungeon Crawl Stone Soup version 0.19-a0-1712-gff403d4 (webtiles) character file.

21 Promi the Magician (level 2, -2/22 HPs)
             Began as a Demigod Wizard on Sept 28, 2016.
             Slain by a gnoll
             ... wielding a +0 flail
              (11 damage)
             ... on level 1 of the Dungeon.
             The game lasted 00:04:22 (1109 turns).

Promi the Magician (Demigod Wizard)                 Turns: 1109, Time: 00:04:22

Health: -2/22      AC:  3    Str: 10    XL:     2   Next: 48%
Magic:  1/8        EV: 12    Int: 22    God:
Gold:   26         SH:  0    Dex: 14    Spells: 1 memorised, 6 levels left

rFire  . . .     SeeInvis .     e - -2 club (curse)
rCold  . . .     Gourm    .     a - +0 robe
rNeg   . . .     Faith    .     (no shield)
rPois  .         Spirit   .     b - +0 hat
rElec  .         Dismiss  .     (no cloak)
rCorr  .         Reflect  .     (no gloves)
MR     .....     Harm     .     (no boots)
Stlth  ++........               (no amulet)
                                (no ring)
                                (no ring)

@: very slightly contaminated
A: high mp 1
a: no special abilities


You were on level 1 of the Dungeon.
You were hungry.

You visited 1 branch of the dungeon, and saw 2 of its levels.

You collected 26 gold pieces.

Inventory:

Hand Weapons
 e - a cursed -2 club (weapon)
Missiles
 l - 2 tomahawks (quivered)
Armour
 a - a +0 robe (worn)
 b - a +0 hat (worn)
Scrolls
 j - a scroll of random uselessness {unknown}
 m - a scroll of fear {unknown}
Potions
 f - a potion of degeneration {unknown}
 h - a potion of haste {unknown}
 k - a potion of curing {unknown}
Books
 c - a book of Minor Magic

   Spells                             Type                      Level
   a - Magic Dart                     Conjuration                  1
   b - Blink                          Translocation                2
   c - Call Imp                       Summoning                    2
   d - Repel Missiles                 Charms/Air                   2
   e - Slow                           Hexes                        2
   f - Conjure Flame                  Conjuration/Fire             3
   g - Mephitic Cloud                 Conjuration/Poison/Air       3
Comestibles
 d - a bread ration
 g - a meat ration


   Skills:
 + Level 0.6 Fighting
 + Level 1.8 Dodging
 + Level 2.2 Stealth
 + Level 3.0 Spellcasting
 + Level 1.1 Conjurations
   Level 0.8 Summonings
   Level 0.8 Translocations


You had 6 spell levels left.
You knew the following spells:

 Your Spells              Type           Power        Failure   Level  Hunger
a - Magic Dart            Conj           #...         10%         1    None


Dungeon Overview and Level Annotations

Branches:
Dungeon (2/15)


Innate Abilities, Weirdness & Mutations

You have an increased reservoir of magic. (+10% MP)


Message History

The magic dart hits the gnoll.
The gnoll is moderately wounded.
The gnoll hits you with a flail.
Casting: Magic Dart
Confirm with . or Enter, or press ? or * to list all spells.
Aiming: Magic Dart
Press: ? - help, Shift-Dir - straight line, f/p - gnoll
Aim: a gnoll, wielding a flail (moderately wounded)
The magic dart hits the gnoll.
The gnoll is moderately wounded.
Casting: Magic Dart
Confirm with . or Enter, or press ? or * to list all spells.
Aiming: Magic Dart
Press: ? - help, Shift-Dir - straight line, f/p - gnoll
Aim: a gnoll, wielding a flail (moderately wounded)
The magic dart hits the gnoll.
The gnoll is moderately wounded.
The gnoll hits you with a flail!
Ouch! That really hurt!
You die...

########### #.........#
#.........# #........>####
#............####
#..)......#.....####
#####.###...........
#######...............
######....@g...............
........####)...#..........
.......>####...##..........
.......†##...............#.
..................#.######.
...........................
.................#..).....#
.............#...#...#.....
..........#...#..#..#...#..


You could see a gnoll.

Vanquished Creatures
  A dart slug (D:1)
  2 bats (D:1)
  2 giant cockroaches
  A goblin (D:1)
  4 hobgoblins (D:1)
  3 kobolds (D:1)
  4 rats (D:1)
17 creatures vanquished.

Notes
Turn   | Place    | Note
-------+----------+-------------------------------------------
     0 | D:1      | Promi the Demigod Wizard began the quest for the Orb.
     0 | D:1      | Reached XP level 1. HP: 14/14 MP: 6/6
    91 | D:1      | Reached skill level 1 in Conjurations
   613 | D:1      | Reached XP level 2. HP: 20/20 MP: 4/8
   649 | D:1      | Reached skill level 3 in Spellcasting
  1109 | D:1      | Slain by a gnoll

Vault maps used:
D:1:      minmay_arrival_radiant_lines, hangedman_decor_riveting
D:2:      corexii_shack, uniq_robin, uniq_jessica

Skill      XL: |  1  2 |
---------------+-------+-----
Conjurations   | 1 |  1.1
Stealth        | 2 |  2.2
Spellcasting   | 3 |  3.0
Fighting       | |  0.6
Dodging        | |  1.8
Summonings     | |  0.8
Translocations | |  0.8

Action                   || total
-------------------------++-------
Melee: Club              ||    34
       Unarmed           ||     7
Throw: Tomahawk          ||     7
 Cast: Magic Dart        ||    61
Armor: Robe              ||    16
Dodge: Dodged            ||    72
